[Event "*** Titled Tuesday Blitz"]
[Site "Chess.com"]
[Date "2021.03.09"]
[Round "7"]
[White "TooOldTooSlow70"]
[Black "urutodo"]
[Result "0-1"]
[WhiteElo "2476"]
[BlackElo "2317"]
[TimeControl "180+1"]
[EndTime "11:23:51 PST"]
[Termination "urutodo won by checkmate"]

1. Nf3 c6 2. d4 d5 3. c4 Nf6 4. cxd5 cxd5 5. Nc3 e6 6. g3 Be7 7. Bg2 Nc6 8. O-O O-O 9. Bf4 Bd7 10. Rc1 Rc8 11. Na4 Ne4 12. a3 Bd6 13. Bxd6 Nxd6 14.
Nc5 Rc7 15. Ne5 Bc8 16. Nxc6 Rxc6 17. b3 Qc7 18. Nd3 Bd7 19. Rxc6 Bxc6 20. Qc1 Rc8 21.
a4 Nf5 22. e3 b6 23. Qa3 Qb7 24. Rc1 Be8 25. Rxc8 Qxc8 26. Qc1 Qxc1+ 27. Nxc1 Kf8 28. Kf1 Ke7 29. Ke1 Kd6 30. Nd3 f6 31. Kd2 Ne7 32. Bh3 Nc6 33. Kc3 Bd7 34. b4 Nb8 35. b5 e5 36.
Bxd7 Nxd7 37. Nb4 Nb8 38. f3 Ke6 39. Kd3 Kd6 40. g4 Ke6 41. h4 Kd6 42. e4 dxe4+ 43. Kxe4 exd4 44. Kxd4 Nd7 45. Nc6 a5 46. Kc4 Nc5 47. Nd4 Nxa4 48. Nf5+ Ke5 49. Nxg7 Nb2+ 50. Kb3 Nd3 51. Nh5 Nf4 52. Ng7 Ne2 53. Nh5 Nd4+ 54.
Kc4 Nxf3 55. g5 fxg5 56. hxg5 Nxg5 57. Kc3 Ne4+ 58. Kc4 Nd6+ 59. Kb3 Nxb5 60. Kc4 Nd6+ 61. Kc3 b5 62. Kd3 b4 63. Kc2 a4 64. Ng3 b3+ 65. Kc3 Nb5+ 66. Kb2 Kf4 67. Nf1 h5 68. Nd2 h4 69. Nf1 Kf3 70. Nd2+ Kg2 71. Nc4 h3 72. Ne3+ Kf3 73. Nf1 Kg2 74. Ne3+ Kf2 75. Ng4+ Kg3 76. Ne3 h2 77. Nf1+ Kg2 78. Nxh2 Kxh2 79. Kc1 Kg3 80. Kd2 Kf3 81. Kd3 Kf4 82. Kd2 Ke4 83. Kc1 Kd4 84.
Kb2 Kc4 85. Kb1 a3 86. Kc1 Kc3 87. Kb1 b2 88. Ka2 Kd2 89. Kb1 Nc3# 0-1

[Event "*** Titled Tuesday Blitz"]
[Site "Chess.com"]
[Date "2021.03.09"]
[Round "7"]
[White "IngOscarArdila"]
[Black "david_alex"]
[Result "1/2-1/2"]
[WhiteElo "2245"]
[BlackElo "2088"]
[TimeControl "180+1"]
[EndTime "11:24:00 PST"]
[Termination "Game drawn by repetition"]

1. d4 Nf6 2. c4 e6 3. Nc3 Bb4 4. Bd2 Bxc3 5. Bxc3 b6 6. Nf3 Bb7 7. e3 O-O 8. Be2 Ne4 9. Rc1 d6 10. O-O Nd7 11. b4 f5 12. Be1 Qe7 13. Nd2 Nxd2 14.
Bxd2 e5 15. d5 Nf6 16. f3 b5 17.
Bc3 bxc4 18. Bxc4 Kh8 19. Qb3 c6 20. dxc6 Bxc6 21. b5 Bb7 22. Rfd1 Rac8 23. Bb4 Rfd8 24. a4 Qc7 25. Be6 Qxc1 26. Rxc1 Rxc1+ 27. Kf2 f4 28. exf4 exf4 29. Qb2 Rh1 30. Bc3 Rf8 31. Qd2 Rxh2 32. Qxd6 Re8 33. Bxf6 gxf6 34. Qd7 Rb8 35. Qe7 Rh6 36. Qc7 Re8 37. Bd7 Rg8 38. Qxb7 Rh2 39. Qxa7 Rgxg2+ 40. Kf1 Rd2 41. Qb8+ Kg7 42. Ke1 Rde2+ 43.
Kd1 Reg2 44. Qe8 Rg1+ 45. Qe1 Rxe1+ 46. Kxe1 Ra2 47. b6 Rb2 48. a5 Kf7 49. Bc6 Ke7 50.
Be4 Kd6 51. Bxh7 Ra2 52. b7 Kc7 53. Be4 Rxa5 54. Kd2 Rb5 55. Kc3 Kb8 56. Kc4 Re5 57. Kd4 Kc7 58. Kc4 Kb8 59. Kd4 Kc7 60. Bc6 Re6 61. Bd5 Rd6 62. Ke4 Kb8 63. Kd4 Rd7 64.
Ke4 Rd6 65. Kd4 Rd7 66. Kc5 f5 67. Bc6 Rc7 68. Kd6 Rg7 69. Ke5 Rc7 70. Bd5 Rc5 71. Kd4 Rb5 72. Ke5 Rb1 73. Kxf5 Rb5 74. Ke4 Rc5 75. Kd4 Rb5 76. Ke5 Rc5 77. Kd6 Rb5 78.
Be4 Ra5 79. Ke6 Rb5 80. Bd5 Rc5 81. Ke5 Rb5 82. Ke4 Rb4+ 83. Kf5 Rb5 84. Ke4 1/2-1/2

[Event "*** Titled Tuesday Blitz"]
[Site "Chess.com"]
[Date "2021.03.09"]
[Round "8"]
[White "tk22h"]
[Black "hellokostya"]
[Result "0-1"]
[WhiteElo "2347"]
[BlackElo "2525"]
[TimeControl "180+1"]
[EndTime "11:25:42 PST"]
[Termination "hellokostya won by resignation"]

1. c4 g6 2. Nc3 Bg7 3. Nf3 c5 4. g3 Nc6 5. Bg2 d6 6. O-O e6 7. d3 Nge7 8. Bg5 h6 9. Bd2 O-O 10. a3 b6 11. Rb1 Bb7 12. b4 Qd7 13. Qc1 Kh7 14. Rd1 Nf5 15. Ne4 Rad8 16. Bc3 Ncd4 17.
bxc5 Nxe2+ 0-1

[Event "*** Titled Tuesday Blitz"]
[Site "Chess.com"]
[Date "2021.03.09"]
[Round "8"]
[White "ehrenfeld"]
[Black "tusplingher"]
[Result "0-1"]
[WhiteElo "2495"]
[BlackElo "2332"]
[TimeControl "180+1"]
[EndTime "11:26:23 PST"]
[Termination "tusplingher won by resignation"]

1. e4 c5 2. Nf3 g6 3. Bc4 Nc6 4.
c3 e6 5. d4 cxd4 6. cxd4 d5 7.
exd5 exd5 8. Bb5 Bg7 9. O-O Ne7 10. h3 O-O 11. Re1 a6 12. Bf1 Nf5 13. Bg5 Qb6 14.
Nc3 Ncxd4 15. Nxd4 Bxd4 16. Nxd5 Bxf2+ 17. Kh1 Ng3+ 18. Kh2 Bg1+ 0-1

[Event "*** Titled Tuesday Blitz"]
[Site "Chess.com"]
[Date "2021.03.09"]
[Round "8"]
[White "NikolaGry"]
[Black "Kretov_Evgenij"]
[Result "1/2-1/2"]
[WhiteElo "2667"]
[BlackElo "2557"]
[TimeControl "180+1"]
[EndTime "11:26:40 PST"]
[Termination "Game drawn by agreement"]

1. b3 c5 2. c4 b6 3. Bb2 Bb7 4. Nf3 Nf6 5. e3 e6 6. Be2 Be7 7. O-O O-O 8. d4 cxd4 9. Nxd4 a6 10. Nc3 Nc6 11. Bf3 Rc8 12. Rc1 Ba8 13. Nxc6 Bxc6 14.
Bxc6 Rxc6 15. Qf3 Qb8 16. a4 Rfc8 17. Rfd1 Bf8 18. h3 1/2-1/2

[Event "*** Titled Tuesday Blitz"]
[Site "Chess.com"]
[Date "2021.03.09"]
[Round "8"]
[White "Mikhail_Golubev"]
[Black "korkmaz16"]
[Result "1/2-1/2"]
[WhiteElo "2567"]
[BlackElo "2440"]
[TimeControl "180+1"]
[EndTime "11:26:50 PST"]
[Termination "Game drawn by repetition"]

1. e4 c5 2. Nf3 e6 3. d4 cxd4 4. Nxd4 Nf6 5. Nc3 Nc6 6. Ndb5 Bb4 7. Bf4 Nxe4 8. Nc7+ Kf8 9. Qf3 d5 10. Nxa8 e5 11.
Bd2 Nd4 12. Qd1 Qh4 13. g3 Qf6 14. Nxe4 Nf3+ 15. Ke2 Nd4+ 16. Ke1 Nf3+ 17. Ke2 Nd4+ 18. Ke1 Nf3+ 19. Ke2 1/2-1/2

[Event "*** Titled Tuesday Blitz"]
[Site "Chess.com"]
[Date "2021.03.09"]
[Round "8"]
[White "lacafi"]
[Black "Slovak_fighter2000"]
[Result "0-1"]
[WhiteElo "2161"]
[BlackElo "2423"]
[TimeControl "180+1"]
[EndTime "11:27:43 PST"]
[Termination "Slovak_fighter2000 won by resignation"]

1. d4 Nf6 2. Nf3 g6 3. c4 Bg7 4.
Nc3 d6 5. e4 O-O 6. Be2 Bg4 7.
O-O Nfd7 8. Bg5 Nc6 9. d5 Bxf3 10. Bxf3 Nd4 11. Re1 c5 12. dxc6 bxc6 13. Rc1 Rb8 14. b3 Re8 15. g3 Qa5 16. Na4 Qxg5 0-1

[Event "*** Titled Tuesday Blitz"]
[Site "Chess.com"]
[Date "2021.03.09"]
[Round "8"]
[White "tgpgoat"]
[Black "LuisFSiles"]
[Result "1/2-1/2"]
[WhiteElo "2182"]
[BlackElo "2294"]
[TimeControl "180+1"]
[EndTime "11:27:50 PST"]
[Termination "Game drawn by agreement"]

1. d4 Nf6 2. Nf3 g6 3. Bg5 Bg7 4. Nbd2 d5 5. c3 O-O 6. e3 b6 7. h3 c5 8. Bd3 Ba6 9. Qe2 Bxd3 10. Qxd3 Nc6 11. Bf4 Nd7 12. O-O e5 13. dxe5 Ndxe5 14. Nxe5 Nxe5 15. Bxe5 Bxe5 16. Nf3 Bg7 17. Rad1 d4 18.
exd4 cxd4 19. cxd4 Qd5 20. b3 Rfd8 21. Rfe1 h6 22.
Ne5 Rd6 23. Qf3 Qxf3 24. Nxf3 Rad8 25. Re7 a5 26. Rb7 Bxd4 27. Rxd4 Rxd4 28. Nxd4 Rxd4 29. Rxb6 Rd1+ 30. Kh2 Rd2 31. a4 Rxf2 32. Rb5 Rb2 33. Rxa5 1/2-1/2

[Event "*** Titled Tuesday Blitz"]
[Site "Chess.com"]
[Date "2021.03.09"]
[Round "8"]
[White "zeitnot2006"]
[Black "Supernotar"]
[Result "0-1"]
[WhiteElo "2504"]
[BlackElo "2723"]
[TimeControl "180+1"]
[EndTime "11:27:51 PST"]
[Termination "Supernotar won by resignation"]

1. e4 c6 2. d4 d5 3. Nc3 dxe4 4. f3 exf3 5. Nxf3 Nf6 6. Bc4 Bf5 7. O-O e6 8. Ne5 Bg6 9. Bg5 Be7 10. Ne2 O-O 11.
c3 Nd5 12. Bxe7 Qxe7 13. Nxg6 hxg6 14. Rf3 Nd7 15. Rh3 N7f6 16. Qe1 Nh5 17. Bxd5 exd5 18.
g4 Rae8 19. gxh5 Qxe2 20. Qxe2 Rxe2 21. Rb1 gxh5 22. Rxh5 Rfe8 23. Kf1 Rc2 0-1

[Event "*** Titled Tuesday Blitz"]
[Site "Chess.com"]
[Date "2021.03.09"]
[Round "8"]
[White "poneis_malditos"]
[Black "TimKett"]
[Result "1-0"]
[WhiteElo "2338"]
[BlackElo "2204"]
[TimeControl "180+1"]
[EndTime "11:27:51 PST"]
[Termination "poneis_malditos won by resignation"]

1. e4 e5 2. Nc3 Nf6 3. f4 d5 4.
fxe5 Nxe4 5. Qf3 Nxc3 6. bxc3 Be7 7. d4 O-O 8. Bd3 f6 9. Qh5 g6 10. Bxg6 hxg6 11. Qxg6+ Kh8 12. Qh6+ Kg8 13. Nf3 Qe8 14. O-O Bf5 15. Nh4 Bxc2 16. Rf3 Bh7 17. Rg3+ 1-0

[Event "*** Titled Tuesday Blitz"]
[Site "Chess.com"]
[Date "2021.03.09"]
[Round "8"]
[White "CzechmVIII"]
[Black "MrrRefrao"]
[Result "1-0"]
[WhiteElo "2250"]
[BlackElo "2370"]
[TimeControl "180+1"]
[EndTime "11:27:52 PST"]
[Termination "CzechmVIII won by resignation"]

1. e4 f6 2. d4 c6 3. Nc3 e6 4. f4 Kf7 5. Nf3 Bb4 6. Bd3 Ne7 7. O-O d5 8. Kh1 Bxc3 9. bxc3 Rf8 10. Ba3 Kg8 11.
Qe1 Nd7 12. exd5 cxd5 13. Qxe6+ Rf7 14. Bxe7 Qxe7 15. Qxd5 Nb6 16. Qe4 Qxe4 17. Bxe4 Be6 18. a4 Bc4 19. Rfe1 Re8 20. Bxh7+ Kf8 21. Rxe8+ 1-0

[Event "*** Titled Tuesday Blitz"]
[Site "Chess.com"]
[Date "2021.03.09"]
[Round "8"]
[White "Chernov_Alexander_A"]
[Black "Maddie"]
[Result "1/2-1/2"]
[WhiteElo "2267"]
[BlackElo "2086"]
[TimeControl "180+1"]
[EndTime "11:27:53 PST"]
[Termination "Game drawn by repetition"]

1. Nf3 d5 2. g3 Nf6 3. Bg2 g6 4. O-O Bg7 5. d4 O-O 6. c4 c6 7. cxd5 Nxd5 8. Bd2 Nb6 9. e3 Bf5 10. Nc3 N8d7 11. Re1 Nf6 12. Rc1 Ne4 13. Nxe4 Bxe4 14.
Bc3 Nd5 15. Bd2 Nb6 16. Qb3 Qc7 17. Ba5 Bd5 18. Qa3 Rfe8 19. b3 Be4 20. Rc5 e6 21.
Qc1 Qe7 22. Bb4 Qd8 23. Ba3 Bf8 24. Rc3 Nd5 25. Rc4 Nb6 26. Rc3 Nd5 27. Rc4 Nb6 28. Rc3 1/2-1/2

[Event "*** Titled Tuesday Blitz"]
[Site "Chess.com"]
[Date "2021.03.09"]
[Round "8"]
[White "NoGalloNoParty"]
[Black "AldokhinIvan"]
[Result "0-1"]
[WhiteElo "2322"]
[BlackElo "2519"]
[TimeControl "180+1"]
[EndTime "11:27:55 PST"]
[Termination "AldokhinIvan won by resignation"]

1. d4 Nf6 2. Nf3 g6 3. c4 Bg7 4. Nc3 d6 5. e4 O-O 6. Be2 Nc6 7. d5 Nb4 8. O-O Re8 9. Be3 e6 10. dxe6 Bxe6 11. Nd4 Bd7 12. a3 Nc6 13. f3 Nh5 14. Re1 Qh4 15. Bf1 Be5 16. g3 Nxg3 17. hxg3 Qxg3+ 18. Bg2 Bh3 19. Re2 Qh2+ 20. Kf1 Qh1+ 21. Bg1 Bxd4 0-1

[Event "*** Titled Tuesday Blitz"]
[Site "Chess.com"]
[Date "2021.03.09"]
[Round "8"]
[White "Bigfish1995"]
[Black "PavelChernomordik"]
[Result "1-0"]
[WhiteElo "3061"]
[BlackElo "2409"]
[TimeControl "180+1"]
[EndTime "11:28:09 PST"]
[Termination "Bigfish1995 won by resignation"]

1. e4 g6 2. h4 d5 3. h5 dxe4 4. hxg6 fxg6 5. Nc3 Nf6 6. d3 Bf5 7. Bg5 exd3 8. Qf3 Nc6 9. Bxf6 exf6 10. O-O-O Bd6 11.
Bxd3 Bxd3 12. Rxd3 Ne5 13. Re3 Bc5 14. Re2 c6 15.
Qh3 Kf7 16. f4 Nd7 17. Rd2 f5 18. Nf3 Be3 19. Ng5+ 1-0

[Event "*** Titled Tuesday Blitz"]
[Site "Chess.com"]
[Date "2021.03.09"]
[Round "8"]
[White "AurumO"]
[Black "lelya96"]
[Result "1-0"]
[WhiteElo "2007"]
[BlackElo "2242"]
[TimeControl "180+1"]
[EndTime "11:28:37 PST"]
[Termination "AurumO won by checkmate"]

1. e4 e5 2. Nf3 Nc6 3. Bc4 Nf6 4.
Qe2 Be7 5. c3 O-O 6. d3 d6 7.
Bb3 h6 8. O-O Nh7 9. Rd1 Ng5 10.
Bxg5 Bxg5 11. h3 Kh8 12. d4 Qe7 13. dxe5 Nxe5 14. Nxe5 Qxe5 15. Nd2 Bxd2 16. Rxd2 Be6 17. Bc2 a5 18. a4 Qg5 19. Rd3 Bc4 20. Rad1 Rae8 21. Qf3 Bxd3 22. Bxd3 Qc5 23. Bc2 c6 24. Qd3 d5 25. exd5 cxd5 26. Qh7# 1-0

[Event "*** Titled Tuesday Blitz"]
[Site "Chess.com"]
[Date "2021.03.09"]
[Round "8"]
[White "Mbneu"]
[Black "DonBroca"]
[Result "1-0"]
[WhiteElo "2291"]
[BlackElo "2158"]
[TimeControl "180+1"]
[EndTime "11:28:38 PST"]
[Termination "Mbneu won by resignation"]

1. d4 Nf6 2. c4 e6 3. Nc3 Bb4 4. Bg5 c5 5. d5 Qa5 6. Bxf6 gxf6 7.
Qc2 exd5 8. cxd5 d6 9. e3 Nd7 10. Bd3 Ne5 11. Ne2 Rg8 12. Nf4 b6 13. O-O Nxd3 14. Qxd3 Bxc3 15. bxc3 Bd7 16. Qe4+ Kd8 17. Qxh7 Rf8 18. Qg7 Ke7 19. Ng6+ Kd8 20. Qxf8+ Kc7 21. Qxa8 1-0

[Event "*** Titled Tuesday Blitz"]
[Site "Chess.com"]
[Date "2021.03.09"]
[Round "8"]
[White "kubal123"]
[Black "zverr1"]
[Result "0-1"]
[WhiteElo "2273"]
[BlackElo "2446"]
[TimeControl "180+1"]
[EndTime "11:28:43 PST"]
[Termination "zverr1 won by resignation"]

1. Nf3 h6 2. g3 g5 3. Bg2 Bg7 4. d4 f5 5. O-O Nf6 6. c4 O-O 7. Nc3 d6 8. e4 fxe4 9. Nd2 Bf5 10. Ndxe4 c6 11. Re1 Nbd7 12. Qb3 Qb6 13. c5+ Qxb3 14. axb3 Nxe4 15. Nxe4 d5 16. Nc3 Bxd4 17. Rxe7 Bxc5 18.
Re1 Bc2 19. Be3 d4 20. Bxd4 Bxd4 21. Re7 Rf7 22. Rae1 Bxf2+ 23. Kh1 Bxe1 24. Rxe1 Raf8 25. Ne4 Bxe4 26. Rxe4 Nc5 27. Re5 Nd3 28. Re6 Nf2+ 29. Kg1 Ng4 30. h3 Rf6 31. Re7 Nf2 32. Rxb7 Nd3 33.
Rxa7 Re6 34. Rd7 Re1+ 35. Kh2 Ne5 36. Rd6 Rf2 37. h4 g4 38. Rd8+ Kf7 0-1

[Event "*** Titled Tuesday Blitz"]
[Site "Chess.com"]
[Date "2021.03.09"]
[Round "8"]
[White "guillembaches"]
[Black "elohunter1999"]
[Result "0-1"]
[WhiteElo "2461"]
[BlackElo "2626"]
[TimeControl "180+1"]
[EndTime "11:28:49 PST"]
[Termination "elohunter1999 won on time"]

1. e4 c6 2. d4 d5 3. exd5 cxd5 4. Bd3 Nc6 5. c3 Qc7 6. Nf3 Bg4 7. O-O e6 8. h3 Bh5 9. Re1 Bd6 10. Nbd2 Nge7 11. Nf1 h6 12. Be2 O-O-O 13. b4 Kb8 14. a4 g5 15.
N3d2 Bxe2 16. Qxe2 h5 17. Nb3 Nf5 18. Bxg5 Rdg8 19. b5 Rxg5 20. bxc6 Qxc6 21. Na5 Qc7 22. Nxb7 Kxb7 23. Rab1+ Ka8 24. Rb5 Rhg8 0-1

[Event "*** Titled Tuesday Blitz"]
[Site "Chess.com"]
[Date "2021.03.09"]
[Round "8"]
[White "lucachess49"]
[Black "Treacherous_horse64"]
[Result "1-0"]
[WhiteElo "2402"]
[BlackElo "2509"]
[TimeControl "180+1"]
[EndTime "11:28:52 PST"]
[Termination "lucachess49 won by resignation"]

1. d4 Nf6 2. c4 g6 3. f3 Bg7 4. e4 d6 5. Nc3 O-O 6. Be3 Nc6 7. Qd2 a6 8. Nge2 e5 9. d5 Nd4 10. Nxd4 exd4 11. Bxd4 c5 12. dxc6 bxc6 13. Be2 d5 14.
cxd5 cxd5 15. Nxd5 Nxd5 16. Bxg7 Kxg7 17. exd5 Bb7 18. Rd1 Qb6 19. Qd4+ Qxd4 20. Rxd4 Rad8 21.
Bc4 Rfe8+ 22. Kf2 Re5 23. Rhd1 f5 24. Bb3 Kf6 25. R1d2 Re7 26. Rb4 Red7 27. Rb6+ Kg7 28. d6 Kf6 29. Re2 Bc8 30. Re6+ Kg7 31. Ba4 Ra7 32.
Re7+ 1-0

[Event "*** Titled Tuesday Blitz"]
[Site "Chess.com"]
[Date "2021.03.09"]
[Round "8"]
[White "Alexandr_Kholin"]
[Black "SirStrateg"]
[Result "0-1"]
[WhiteElo "2468"]
[BlackElo "2608"]
[TimeControl "180+1"]
[EndTime "11:28:57 PST"]
[Termination "SirStrateg won by resignation"]

1. d4 Nf6 2. c4 Nc6 3. d5 Ne5 4. e3 e6 5. Nc3 Bb4 6. Bd2 O-O 7.
a3 Bxc3 8. Bxc3 Ng6 9. Nf3 d6 10. h4 Ne4 11. Rc1 e5 12. h5 Nh8 13. Be2 f5 14. h6 g6 15. Nd2 Nxc3 16. Rxc3 Nf7 17. e4 f4 18. c5 Qg5 19. Nf3 Qxg2 20. Rh2 Qg4 21. cxd6 cxd6 22. Rc7 Ng5 23. Rg7+ Kh8 24. Kf1 Nxf3 25. Bxf3 Qg5 26. Qc1 Qd8 27. Qc5 dxc5 0-1

[Event "*** Titled Tuesday Blitz"]
[Site "Chess.com"]
[Date "2021.03.09"]
[Round "8"]
[White "Koalaskakistis"]
[Black "IngOscarArdila"]
[Result "1-0"]
[WhiteElo "2531"]
[BlackElo "2242"]
[TimeControl "180+1"]
[EndTime "11:29:03 PST"]
[Termination "Koalaskakistis won by resignation"]

1. d4 Nf6 2. Bf4 g6 3. Nf3 Bg7 4. Nbd2 O-O 5. e4 d6 6. Bd3 Nbd7 7. h4 h5 8. Ng5 e5 9. dxe5 Nxe5 10. Be2 Qe7 11.
O-O Nh7 12. Nxh7 Kxh7 13. g3 Bh3 14. Re1 Rae8 15. Bf1 Bg4 16. f3 Bc8 17. Kg2 f5 18. exf5 Rxf5 19. Nc4 Rxf4 20. gxf4 Qxh4 21. fxe5 Bh3+ 22.
Kg1 Qg3+ 23. Kh1 d5 24. Qxd5 Be6 25. Qd2 Bh6 26. Qg2 Qh4+ 27. Kg1 Bxc4 28. Re4 Qd8 29. Bxc4 c6 30. Bf7 Qb6+ 31. Kh1 1-0

[Event "*** Titled Tuesday Blitz"]
[Site "Chess.com"]
[Date "2021.03.09"]
[Round "8"]
[White "Chesswizard_2007"]
[Black "BigAl"]
[Result "0-1"]
[WhiteElo "2670"]
[BlackElo "2516"]
[TimeControl "180+1"]
[EndTime "11:29:05 PST"]
[Termination "BigAl won by resignation"]

1. d4 g6 2. Bg5 d6 3. Nc3 Bg7 4. h4 h5 5. Qd2 a6 6. e4 b5 7. Nf3 Nd7 8. Bd3 Bb7 9. Qe3 c5 10. O-O-O cxd4 11. Nxd4 Ngf6 12. f3 Rc8 13. Nce2 Qa5 14. Kb1 Ne5 15. Nb3 Qc7 16. c3 Nc4 17. Qc1 Ba8 18. Nf4 a5 19. Nd4 Qb6 20. Rhe1 O-O 21. Nc2 b4 22. b3 Na3+ 23. Qxa3 bxa3 0-1

[Event "*** Titled Tuesday Blitz"]
[Site "Chess.com"]
[Date "2021.03.09"]
[Round "8"]
[White "Blazinq"]
[Black "tandaleo"]
[Result "1-0"]
[WhiteElo "2632"]
[BlackElo "2361"]
[TimeControl "180+1"]
[EndTime "11:29:08 PST"]
[Termination "Blazinq won by checkmate"]

1. e4 e5 2. Nf3 Nc6 3. Bb5 a6 4. Ba4 Nf6 5. O-O Be7 6. Re1 b5 7. Bb3 d6 8. c3 O-O 9. h3 Na5 10. Bc2 c5 11. d4 Qc7 12. d5 Nb7 13. Be3 Nd8 14. Nbd2 Ne8 15. a4 Rb8 16. axb5 axb5 17. b4 cxb4 18. cxb4 f5 19. exf5 Bxf5 20. Bxf5 Rxf5 21.
Qb1 g6 22. Rc1 Qd7 23. Ra7 Rb7 24. Ra8 Nf6 25. Rcc8 Nxd5 26. Qa2 Qe6 27. Rxd8+ Bxd8 28. Rxd8+ Kg7 29. Qa8 Rc7 30. Ng5 Qe7 31. Rg8+ Kf6 32. Nde4# 1-0

[Event "*** Titled Tuesday Blitz"]
[Site "Chess.com"]
[Date "2021.03.09"]
[Round "8"]
[White "Vugar_Manafov"]
[Black "enriquetejedor"]
[Result "1-0"]
[WhiteElo "2679"]
[BlackElo "2551"]
[TimeControl "180+1"]
[EndTime "11:29:09 PST"]
[Termination "Vugar_Manafov won by checkmate"]

1. Nf3 Nc6 2. d4 d6 3. g3 e5 4. dxe5 dxe5 5. Qxd8+ Kxd8 6. Bg2 f6 7. O-O Be6 8. Rd1+ Ke8 9. c3 a5 10. Nfd2 Bc5 11.
Ne4 Ba7 12. Na3 Nge7 13. Nb5 Bb6 14. Be3 Bc4 15. Ned6+ cxd6 16. Nxd6+ Kf8 17. Nxc4 Bxe3 18. Nxe3 Kf7 19. Rd7 Rab8 20. Rad1 Rhc8 21. Nf5 Ke6 22. Bh3 Nxf5 23. R1d6# 1-0

[Event "*** Titled Tuesday Blitz"]
[Site "Chess.com"]
[Date "2021.03.09"]
[Round "8"]
[White "shaheus"]
[Black "WilliamSchill"]
[Result "1/2-1/2"]
[WhiteElo "2397"]
[BlackElo "2061"]
[TimeControl "180+1"]
[EndTime "11:29:13 PST"]
[Termination "Game drawn by repetition"]

1. e4 c5 2. Nf3 Nc6 3. c3 e6 4. d4 d5 5. exd5 exd5 6. Bb5 Bd6 7. O-O Ne7 8. Nbd2 O-O 9. dxc5 Bxc5 10. Nb3 Bb6 11.
Nfd4 Nxd4 12. Nxd4 Nf5 13. Nxf5 Bxf5 14. Re1 Bxf2+ 15.
Kxf2 Qb6+ 16. Be3 Qxb5 17. Qd2 Be4 18. Bd4 f5 19. Qg5 Rf7 20. Re2 f4 21. Rxe4 Qxb2+ 22. Re2 Qxa1 23. Qxd5 Qd1 24. Re7 Rf8 25. Rxf7 Rxf7 26.
Qd8+ Rf8 27. Qd5+ Rf7 28. Qd8+ Rf8 29. Qd5+ Rf7 1/2-1/2

[Event "*** Titled Tuesday Blitz"]
[Site "Chess.com"]
[Date "2021.03.09"]
[Round "8"]
[White "francyIM"]
[Black "KazakhFighter04"]
[Result "1-0"]
[WhiteElo "2610"]
[BlackElo "2726"]
[TimeControl "180+1"]
[EndTime "11:29:14 PST"]
[Termination "francyIM won by resignation"]

1. d4 Nf6 2. Nc3 d5 3. Bf4 a6 4.
e3 c5 5. dxc5 Nc6 6. Nf3 Bg4 7.
Be2 e6 8. Na4 Bxc5 9. Nxc5 Qa5+ 10. c3 Qxc5 11. O-O O-O 12. h3 Bh5 13. Rc1 Rfd8 14. Ne5 Bxe2 15. Qxe2 h6 16. Rfd1 Rac8 17. Bh2 Nxe5 18. Bxe5 Nd7 19. Bd4 Qc4 20. Qxc4 Rxc4 21. e4 Nb8 22. exd5 Rxd5 23. Be3 Rxd1+ 24. Rxd1 Nc6 25.
Rd7 b5 26. Rb7 b4 27. Bd2 bxc3 28. Bxc3 Nd4 29. Kf1 Nb5 30. Be1 Rc2 31. a4 Nd6 32. Rb8+ Kh7 33. Rb4 Nc4 34. Bc3 Nd6 35. g4 f5 36. f3 a5 37. Rd4 Nf7 38. Rd7 Kg6 39. h4 fxg4 40. fxg4 e5 41. Ra7 1-0

[Event "*** Titled Tuesday Blitz"]
[Site "Chess.com"]
[Date "2021.03.09"]
[Round "8"]
[White "TheCavemanChesss"]
[Black "vovachesss"]
[Result "0-1"]
[WhiteElo "2576"]
[BlackElo "2702"]
[TimeControl "180+1"]
[EndTime "11:29:14 PST"]
[Termination "vovachesss won by resignation"]

1. e4 e5 2. Nf3 d5 3. exd5 e4 4.
Qe2 Nf6 5. Nc3 Be7 6. Nxe4 O-O 7. d3 Nxd5 8. c4 Nb4 9. a3 f5 10. Nc3 Re8 11. axb4 Bxb4 12. Ne5 Nc6 13. f3 Rxe5 0-1

[Event "*** Titled Tuesday Blitz"]
[Site "Chess.com"]
[Date "2021.03.09"]
[Round "8"]
[White "Sanan_Sjugirov"]
[Black "Fy_Rakotomaharo"]
[Result "1-0"]
[WhiteElo "2894"]
[BlackElo "2721"]
[TimeControl "180+1"]
[EndTime "11:29:16 PST"]
[Termination "Sanan_Sjugirov won by resignation"]

1. d4 Nf6 2. Nf3 e6 3. Bg5 d5 4. e3 Be7 5. Nbd2 O-O 6. Bd3 h6 7.
h4 c5 8. c3 b6 9. Qe2 a5 10. Bxf6 Bxf6 11. g4 g6 12. g5 hxg5 13.
hxg5 Bxg5 14. O-O-O Ba6 15. Bxa6 Nxa6 16. Ne5 Bf6 17. f4 Kg7 18. Ng4 Nc7 19. Nf3 Qe7 20. Rh6 Rh8 21. Qh2 Rag8 22. Rh1 Qd8 23. Rxh8 Rxh8 24.
Qxh8+ 1-0

[Event "*** Titled Tuesday Blitz"]
[Site "Chess.com"]
[Date "2021.03.09"]
[Round "8"]
[White "BvsN"]
[Black "Shuvalov"]
[Result "1/2-1/2"]
[WhiteElo "2327"]
[BlackElo "2508"]
[TimeControl "180+1"]
[EndTime "11:29:23 PST"]
[Termination "Game drawn by repetition"]

1. c4 c6 2. Nf3 d5 3. e3 Nf6 4. Nc3 a6 5. Be2 Bf5 6. Qb3 Ra7 7. cxd5 cxd5 8. Qa4+ Nc6 9. Ne5 Bd7 10. Nxd7 Qxd7 11. O-O e6 12. d4 Bd6 13. Bd2 O-O 14. Rfc1 Raa8 15. Qd1 Qe7 16. Na4 Nd7 17. a3 Rfc8 18. b4 e5 19. Bc3 exd4 20. Bxd4 Nxd4 21. exd4 Bf4 22. Rxc8+ Rxc8 23. Nc5 Nf6 24. Bf3 Re8 25. g3 Bb8 26. Qb3 Rd8 27. Qc3 Re8 28. Qb3 Rd8 29.
Qc3 Re8 30. Qb3 1/2-1/2

[Event "*** Titled Tuesday Blitz"]
[Site "Chess.com"]
[Date "2021.03.09"]
[Round "8"]
[White "Skat2704"]
[Black "Blitzstream"]
[Result "1-0"]
[WhiteElo "2607"]
[BlackElo "2735"]
[TimeControl "180+1"]
[EndTime "11:29:25 PST"]
[Termination "Skat2704 won by resignation"]

1. d4 d5 2. c4 c6 3. Nf3 Nf6 4. Nc3 Bf5 5. cxd5 Nxd5 6. e3 e6 7. Bc4 Be7 8. O-O O-O 9. Re1 Bg6 10. e4 Nxc3 11. bxc3 Nd7 12. a4 c5 13. a5 Rc8 14.
Qb3 cxd4 15. cxd4 b6 16. Ba6 Rb8 17. Bf4 e5 18. Nxe5 bxa5 19. Qa4 Rb4 20. Qxd7 Rxd4 21. Qxd8 Bxd8 22. Bb7 Bb6 23. Be3 Rb4 24. Bxb6 axb6 25. Bd5 Rc8 26. Nxg6 hxg6 27. h3 a4 28. Reb1 Rxb1+ 29. Rxb1 Rc1+ 30. Rxc1 1-0

[Event "*** Titled Tuesday Blitz"]
[Site "Chess.com"]
[Date "2021.03.09"]
[Round "8"]
[White "kai_nov"]
[Black "bylavochka"]
[Result "1-0"]
[WhiteElo "2429"]
[BlackElo "2223"]
[TimeControl "180+1"]
[EndTime "11:29:26 PST"]
[Termination "kai_nov won by resignation"]

1. d4 Nf6 2. c4 g6 3. f3 Bg7 4. e4 d6 5. Nc3 O-O 6. Bg5 c5 7. d5 Qa5 8. a4 e6 9. Ra3 exd5 10.
cxd5 a6 11. Qd2 Nbd7 12. Nh3 Re8 13. Be2 Nh5 14. O-O Bd4+ 15. Kh1 Ne5 16. Nf2 Bd7 17. f4 Bxf2 18. fxe5 Bd4 19. Bxh5 gxh5 20. Bf6 Rxe5 21.
Qh6 1-0

[Event "*** Titled Tuesday Blitz"]
[Site "Chess.com"]
[Date "2021.03.09"]
[Round "8"]
[White "Beca95"]
[Black "Rakesh"]
[Result "1-0"]
[WhiteElo "2867"]
[BlackElo "2519"]
[TimeControl "180+1"]
[EndTime "11:29:28 PST"]
[Termination "Beca95 won by resignation"]

1. d4 Nf6 2. c4 e5 3. dxe5 Ng4 4.
e4 Nxe5 5. f4 Nec6 6. Be3 Bb4+ 7. Nd2 O-O 8. a3 Bxd2+ 9. Qxd2 Re8 10. Bd3 d6 11. Ne2 Nd7 12. Nc3 Nc5 13. Bc2 Bg4 14.
h3 Qh4+ 15. Bf2 Qh5 16. O-O Bxh3 17. gxh3 Qxh3 18. Qe3 Qh5 19. Kg2 Re6 20. f5 Rh6 21. Rh1 Qg4+ 22. Qg3 Qxg3+ 23. Kxg3 Rxh1 24. Rxh1 a5 25. Nd5 Re8 26. Kf4 Ne5 27. Bxc5 dxc5 28. Nxc7 g5+ 29. Kxg5 Rd8 30. Nd5 Nxc4 31. f6 Ne5 32. Kf5 Nf3 33. Bd1 Nd4+ 34. Kf4 Ne6+ 35. Ke5 Nd4 36. Ne7+ Kh8 37. Bh5 Rf8 38. Rg1 h6 39. Rg7 1-0